 Dungeon Crawl Stone Soup version 0.29.0-4-gdea44cf6ec (webtiles) character file.

Game seed: 4895755276129384003

332 ILmort the Cudgeller (level 6, -7/76 HPs)
             Began as a Formicid Fighter on Aug 27, 2022.
             Mangled by Pikel
             ... wielding a +2 whip of electrocution
              (18 damage)
             ... on level 4 of the Dungeon.
             The game lasted 00:12:56 (4471 turns).

ILmort the Cudgeller (Formicid Fighter)             Turns: 4471, Time: 00:12:57

Health: -7/76      AC: 23    Str: 22 (23) XL:     6   Next: 82%
Magic:  6/6        EV:  2    Int:  6 (7)  God:
Gold:   185        SH:  0    Dex: 11 (13) Spells: 5/5 levels left

rFire   . . .      SeeInvis .   s - +3 whip
rCold   . . .      Faith    .   c - +0 buckler
rNeg    . . .      Spirit   .   (body armour currently unavailable)
rPois   +          Reflect  .   (helmet unavailable)
rElec   .          Harm     .   (cloak currently unavailable)
rCorr   .          Rampage  .   (gloves currently unavailable)
Will    .....                   (boots currently unavailable)
Stlth   +.........              (no amulet)
HPRegen 0.22/turn               (no ring)
MPRegen 0.10/turn               (no ring)

@: confused, mighty, brilliant, tree-form, ambrosia-drunk
A: stationary, stasis, torment immunity, boosted hp, permanent stasis, dig
shafts and tunnels, (antennae 3), four strong arms
a: no special abilities


You were on level 4 of the Dungeon.
You were a tree.
You visited 1 branch of the dungeon, and saw 4 of its levels.

You collected 185 gold pieces.

Inventory:

Hand Weapons
 a - a +0 flail
 s - a +3 whip (weapon)
Armour
 b - a +0 scale mail (melded)
 c - a +0 buckler (worn)
 m - a +0 ring mail
 u - a +0 chain mail
 w - the +1 Delatra's gloves (melded) {ID++}
   (You found it on level 4 of the Dungeon)

   It heals its wearer when they drink unknown potions.
   It restores its wearer's MP when they read unknown scrolls.
Scrolls
 h - 4 scrolls of teleportation {unknown}
 k - 2 scrolls of noise {unknown}
 l - a scroll of identify {unknown}
 n - 3 scrolls of amnesia {unknown}
 p - 2 scrolls of immolation {unknown}
 q - a scroll of brand weapon {unknown}
 r - a scroll of blinking {unknown}
 t - a scroll of torment {unknown}
 v - a scroll of acquirement {unknown}
Potions
 d - 5 potions of might
 j - a potion of curing
 o - 2 potions of magic {unknown}


   Skills:
 + Level 5.1 Fighting
 * Level 5.6 Maces & Flails
 - Level 3.2 Armour
 - Level 4.0 Shields


You had 5 spell levels left.
You didn't know any spells.
Your spell library contained the following spells:

 Spells                   Type           Power      Damage    Failure   Level
 Sandblast                Erth           0%         2d4       52%         1
 Passwall                 Tmut/Erth      0%         N/A       67%         2
 Stone Arrow              Conj/Erth      0%         3d7       88%         3


Dungeon Overview and Level Annotations

Branches:
Dungeon (4/15)
 Temple: D:4-7

Altars:

Annotations:
D:4 Pikel


Innate Abilities, Weirdness & Mutations

You are a tree.
Your roots penetrate the ground, keeping you stationary.
You cannot be teleported.
You are immune to unholy pain and torment.
Your maximum health is greatly increased.
Your equipment is partially melded.
You cannot be hasted, slowed, berserked, paralysed or teleported.
You can dig through walls and to a lower floor.
((You have a pair of large antennae on your head. (SInv)))
Your four strong arms can wield two-handed weapons with a shield.


Message History

It was a potion of lignification.
You turn into a tree.
The +1 Delatra's gloves {ID++} melds into your body.
Your +0 scale mail melds into your body.
Your roots penetrate the ground.
The energy of discovery flows from your fingertips!
You feel much better.
Pikel hits you with a +2 whip of electrocution.
You are electrocuted!
* * * LOW HITPOINT WARNING * * *
You completely miss Pikel. Pikel hits you but does no damage.
It was a potion of ambrosia.
You are confused.
You feel invigorated. Pikel hits you but does no damage.
You cannot move. (Use ctrl+direction or * direction to attack while stationary and confused.)
You cannot move. (Use ctrl+direction or * direction to attack while stationary and confused.)
You cannot move. (Use ctrl+direction or * direction to attack while stationary and confused.)
You cannot move. (Use ctrl+direction or * direction to attack while stationary and confused.)
You are too injured to fight recklessly!
You are too injured to fight recklessly!
You are too injured to fight recklessly!
You cannot move. (Use ctrl+direction or * direction to attack while stationary and confused.)
You cannot move. (Use ctrl+direction or * direction to attack while stationary and confused.) Unknown command.
There are monsters nearby!
You cannot move. (Use ctrl+direction or * direction to attack while stationary and confused.)
Okay, then.
You are too confused!
Pikel hits you but does no damage. Pikel hits you but does no damage.
Pikel hits you with a +2 whip of electrocution.
* * * LOW HITPOINT WARNING * * *
Pikel hits you but does no damage.
Pikel hits you with a +2 whip of electrocution.
You are electrocuted!
* * * LOW HITPOINT WARNING * * *
Pikel hits you but does no damage.
Pikel hits you with a +2 whip of electrocution!
* * * LOW HITPOINT WARNING * * *
You are electrocuted!!
You die...

...# #.##...'...#
...###..'...#...#
......>##...#...#
...##########...#
##.# #...# #.#
##### ##### { #.#
#...#{ #.#
##########.#.#
#.#
#......♣K55#.#
#.#
#.##########..
#.##### #.# ###
#.....# #.#
#####.# #.#
#.###.# #.....#
#######


You could see Pikel and 2 lemures.

Vanquished Creatures
  2 lemures (D:4)
  A phantom (D:4)
  A howler monkey (D:4)
  2 jellies (D:4)
  6 adders
  3 gnolls
  A white imp (D:4)
  2 worms
  2 dart slugs
  An orc (D:4)
  4 ball pythons
  3 bats
  6 endoplasms
  3 giant cockroaches (D:4)
  5 goblins
  7 hobgoblins
  12 kobolds
  3 quokkas
  4 frilled lizards
  3 rats
71 creatures vanquished.

Vanquished Creatures (others)
  13 plants (D:1)
  7 toadstools (D:4)
20 creatures vanquished.

Grand Total: 91 creatures vanquished

Notes
Turn   | Place    | Note
-------+----------+-------------------------------------------
     0 | D:1      | ILmort the Formicid Fighter began the quest for the Orb.
     0 | D:1      | Reached XP level 1. HP: 18/18 MP: 1/1
    89 | D:1      | Reached XP level 2. HP: 24/24 MP: 2/2
   694 | D:2      | Reached XP level 3. HP: 20/30 MP: 3/3
  1122 | D:2      | Reached XP level 4. HP: 33/37 MP: 4/4
  1204 | D:2      | You fall into a shaft and drop 1 floor!
  2435 | D:3      | Reached XP level 5. HP: 23/42 MP: 5/5
  2808 | D:3      | Found a faded altar of an unknown god.
  3327 | D:4      | Noticed a phantom
  3427 | D:4      | Killed a phantom
  3428 | D:4      | Reached skill level 5 in Maces & Flails
  3428 | D:4      | Reached XP level 6. HP: 34/50 MP: 6/6
  4017 | D:4      | Reached skill level 5 in Fighting
  4160 | D:4      | Found the +1 Delatra's gloves {ID++}
  4431 | D:4      | Noticed Pikel
  4471 | D:4      | Mangled by Pikel

Illustrated notes

Levels and vault maps discovered:
D:1:      roderic_crop_circles_arrival_small, layout_rooms
D:2:      layout_basic, kennysheep_nub
D:3:      layout_loops_cross, shapermc_ecumenical_altar_starsandcircs
D:4:      cheibrodos_fertilizer, layout_basic, uniq_pikel

Skill      XL: |  1  2  3  4  5  6 |
---------------+-------------------+-----
Maces & Flails | 3 4 5 |  5.6
Fighting       | 4 5 |  5.1
Armour         | |  3.2
Shields        | |  4.0

Action                   |  1- 3 |  4- 6 || total
-------------------------+-------+-------++-------
Melee: Flail             |    72 |    66 ||   138
       Whip              |       |   128 ||   128
  Use: Potion            |       |     7 ||     7
Armor: Scale mail        |    27 |    70 ||    97
       Skin              |       |     6 ||     6
Dodge: Dodged            |    26 |    82 ||   108
Block: Buckler           |    12 |    45 ||    57
